SL
ROCKY MOUNTAIN NUGGETS @ GRAFTON MIDDIES
09/03/2021
 
TOP OF THE 1ST
Rocky Mountain Nuggets batting - Pitching for Grafton Middies : RHP Luis Mata
Pitching: RHP Luis Mata
Batting: LHB Chris Whiteside 0-0: Called Strike
0-1: Ball
1-1: Ball
2-1: Fly out, F8 (Flyball, 8RS)
Batting: LHB Randy Bowen 0-0: Ball
1-0: Called Strike
1-1: Ball
2-1: Fly out, F7 (Flyball, 7LM)
Batting: RHB Michael Riley 0-0: Ball
1-0: Foul Ball, location: 2F
1-1: Ground out 4-3 (Groundball, 4)
Top of the 1st over - 0 run(s), 0 hit(s), 0 error(s), 0 left on base; Rocky Mountain 0 - Grafton 0
BOTTOM OF THE 1ST
Grafton Middies batting - Pitching for Rocky Mountain Nuggets : RHP Félix Jiménez
Pitching: RHP Félix Jiménez
Batting: RHB Pedro Orozco 0-0: Foul Ball, location: 2F
0-1: Called Strike
0-2: Foul Ball, location: 2F
0-2: Ball
1-2: Ball
2-2: Ball
3-2: Foul Ball, location: 2F
3-2: Foul Ball, location: 2F
3-2: Base on Balls
Batting: RHB Wes Bradley 0-0: Ball
Pedro Orozco is caught stealing 2nd base
1-0: Ball
2-0: Ground out 6-3 (Groundball, 6)
Batting: RHB Raúl Robles 0-0: SINGLE (Line Drive, 8LS)
Batting: RHB José Álvarez 0-0: SINGLE (Groundball, 4MD)
Raúl Robles to second
Batting: RHB Brady Ferris 0-0: Ball
1-0: Ball
2-0: Called Strike
2-1: Called Strike
2-2: Fly out, F7 (Flyball, 7S)
Bottom of the 1st over - 0 run(s), 2 hit(s), 0 error(s), 2 left on base; Rocky Mountain 0 - Grafton 0
TOP OF THE 2ND
Rocky Mountain Nuggets batting - Pitching for Grafton Middies : RHP Luis Mata
Batting: RHB David Verhoeve 0-0: Called Strike
0-1: Foul Ball, location: 2F
0-2: Fly out, F9 (Flyball, 89S)
Pitching: RHP Bill Swain
Batting: LHB Juan Ríos 0-0: Ball
1-0: Called Strike
1-1: Fly out, F7 (Flyball, 7S)
Batting: SHB Jim Morris 0-0: Called Strike
0-1: Foul Ball, location: 2F
0-2: Ball
1-2: Reached on error, E1 (Groundball, 13)
Batting: RHB Juan Ávila 0-0: DOUBLE (Line Drive, 78D)
Jim Morris to third
Batting: LHB Egidio Agnolutto 0-0: Ground out U3 (Groundball, 3)
Top of the 2nd over - 0 run(s), 1 hit(s), 1 error(s), 2 left on base; Rocky Mountain 0 - Grafton 0
BOTTOM OF THE 2ND
Grafton Middies batting - Pitching for Rocky Mountain Nuggets : RHP Félix Jiménez
Batting: RHB Mark Davis 0-0: Ground out 5-3 (Groundball, 5)
Batting: RHB Nathan Boswell 0-0: Called Strike
0-1: Called Strike
0-2: Ball
1-2: Ball
2-2: Ball
3-2: Base on Balls
Batting: RHB Danny Hall 0-0: Called Strike
0-1: Swinging Strike
0-2: Ball
1-2: Ground out 5-3 (Groundball, 56S)
Nathan Boswell to second
Batting: RHB Bill Stewart 0-0: Ball
1-0: Foul Ball, location: 2F
1-1: Fly out, F9 (Flyball, 89M)
Bottom of the 2nd over - 0 run(s), 0 hit(s), 0 error(s), 1 left on base; Rocky Mountain 0 - Grafton 0
TOP OF THE 3RD
Rocky Mountain Nuggets batting - Pitching for Grafton Middies : RHP Bill Swain
Batting: SHB Jorge Colomo 0-0: Called Strike
0-1: Called Strike
0-2: Ball
1-2: Strikes out looking
Batting: LHB Chris Whiteside 0-0: Ball
1-0: Ball
2-0: Called Strike
2-1: Called Strike
2-2: Strikes out swinging
Batting: LHB Randy Bowen 0-0: Ball
1-0: DOUBLE (Line Drive, 89XD)
Batting: RHB Michael Riley 0-0: Swinging Strike
0-1: Swinging Strike
0-2: Ball
1-2: Ball
2-2: Ball
3-2: Strikes out swinging
Top of the 3rd over - 0 run(s), 1 hit(s), 0 error(s), 1 left on base; Rocky Mountain 0 - Grafton 0
BOTTOM OF THE 3RD
Grafton Middies batting - Pitching for Rocky Mountain Nuggets : RHP Félix Jiménez
Batting: RHB Pedro Orozco 0-0: SINGLE (Line Drive, 56D)
Batting: RHB Wes Bradley 0-0: Called Strike
0-1: Ball
1-1: Ball
2-1: Grounds into double play, 6-4-3 (Groundball, 6)
Batting: RHB Raúl Robles 0-0: Ball
1-0: Ball
2-0: Foul Ball, location: 2F
2-1: Ball
3-1: Called Strike
3-2: Foul Ball, location: 2F
3-2: Foul Ball, location: 2F
3-2: Foul Ball, location: 2F
3-2: Base on Balls
Batting: RHB José Álvarez 0-0: Ball
Raúl Robles is caught stealing 2nd base
Bottom of the 3rd over - 0 run(s), 1 hit(s), 0 error(s), 0 left on base; Rocky Mountain 0 - Grafton 0
TOP OF THE 4TH
Rocky Mountain Nuggets batting - Pitching for Grafton Middies : RHP Bill Swain
Batting: RHB David Verhoeve 0-0: Foul Ball, location: 2F
0-1: DOUBLE (Flyball, 8LXD)
Batting: LHB Juan Ríos 0-0: Called Strike
0-1: Called Strike
0-2: Fly out, F9 (Line Drive, 89D)
Runner from 2nd tags up, SAFE at 3rd, no throw
Batting: SHB Jim Morris 0-0: Ball
1-0: Ground out 4-3 (Groundball, 4)
David Verhoeve scores
Batting: RHB Juan Ávila 0-0: Ball
1-0: Foul Ball, location: 2F
1-1: Ball
2-1: Swinging Strike
2-2: Ground out 6-3 (Groundball, 6)
Top of the 4th over - 1 run(s), 1 hit(s), 0 error(s), 0 left on base; Rocky Mountain 1 - Grafton 0
BOTTOM OF THE 4TH
Grafton Middies batting - Pitching for Rocky Mountain Nuggets : RHP Félix Jiménez
Batting: RHB José Álvarez 0-0: Ball
1-0: Ball
2-0: Ball
3-0: Base on Balls
Batting: RHB Brady Ferris 0-0: Ball
1-0: Swinging Strike
1-1: Ball
2-1: Foul Ball, location: 2F
2-2: Ground out 5-3 (Groundball, 5S)
José Álvarez to second
Batting: RHB Mark Davis 0-0: Ball
1-0: Swinging Strike
1-1: Foul Ball, location: 2F
1-2: Ball
2-2: Foul Ball, location: 2F
2-2: Ball
3-2: Fly out, F8 (Line Drive, 8LXD)
Runner from 2nd tags up, SAFE at 3rd, no throw
Batting: RHB Nathan Boswell 0-0: Ball
1-0: Ball
2-0: Called Strike
2-1: Foul Ball, location: 2F
2-2: Ball
3-2: Strikes out swinging
Bottom of the 4th over - 0 run(s), 0 hit(s), 0 error(s), 1 left on base; Rocky Mountain 1 - Grafton 0
TOP OF THE 5TH
Rocky Mountain Nuggets batting - Pitching for Grafton Middies : RHP Bill Swain
Batting: LHB Egidio Agnolutto 0-0: Bunt for hit - play at first, batter OUT! 1-3
Batting: SHB Jorge Colomo 0-0: Called Strike
0-1: Foul Ball, location: 2F
0-2: Foul Ball, location: 2F
0-2: Foul Ball, location: 2F
0-2: Ball
1-2: Ball
2-2: Strikes out swinging
Batting: LHB Chris Whiteside 0-0: Ball
1-0: Ball
2-0: DOUBLE (Flyball, 89XD)
Batting: LHB Randy Bowen 0-0: SINGLE (Line Drive, 89M)
Chris Whiteside to third
Runner from 3rd tries for Home, SAFE, no throw or cutoff
Batting: RHB Michael Riley 0-0: Ball
1-0: Called Strike
1-1: Called Strike
1-2: Foul Ball, location: 2F
1-2: Strikes out looking
Top of the 5th over - 1 run(s), 2 hit(s), 0 error(s), 1 left on base; Rocky Mountain 2 - Grafton 0
BOTTOM OF THE 5TH
Grafton Middies batting - Pitching for Rocky Mountain Nuggets : RHP Félix Jiménez
Batting: RHB Danny Hall 0-0: Called Strike
0-1: Foul Ball, location: 2F
0-2: Ground out 6-3 (Groundball, 6)
Batting: RHB Bill Stewart 0-0: Swinging Strike
0-1: Ball
1-1: Swinging Strike
1-2: Strikes out swinging
Batting: RHB Pedro Orozco 0-0: Called Strike
0-1: SINGLE (Flyball, 78S)
Batting: RHB Wes Bradley 0-0: Fly out, F4 (Popup, 8RS)
Bottom of the 5th over - 0 run(s), 1 hit(s), 0 error(s), 1 left on base; Rocky Mountain 2 - Grafton 0
TOP OF THE 6TH
Rocky Mountain Nuggets batting - Pitching for Grafton Middies : RHP Bill Swain
Pitching: RHP Mark Simmons
Batting: RHB David Verhoeve 0-0: Ball
1-0: Called Strike
1-1: Ground out 4-3 (Groundball, 34)
Batting: LHB Juan Ríos 0-0: Swinging Strike
0-1: Swinging Strike
0-2: Ball
1-2: Ground out 4-3 (Groundball, 4)
Batting: SHB Jim Morris 0-0: Called Strike
0-1: Foul Ball, location: 2F
0-2: Strikes out swinging
Top of the 6th over - 0 run(s), 0 hit(s), 0 error(s), 0 left on base; Rocky Mountain 2 - Grafton 0
BOTTOM OF THE 6TH
Grafton Middies batting - Pitching for Rocky Mountain Nuggets : RHP Félix Jiménez
Batting: RHB Raúl Robles 0-0: Ground out 6-3 (Groundball, 6M)
Batting: RHB José Álvarez 0-0: Called Strike
0-1: Foul Ball, location: 2F
0-2: Fly out, F7 (Line Drive, 78XD)
Batting: RHB Brady Ferris 0-0: Ball
1-0: Ball
2-0: Ground out 6-3 (Groundball, 6)
Bottom of the 6th over - 0 run(s), 0 hit(s), 0 error(s), 0 left on base; Rocky Mountain 2 - Grafton 0
TOP OF THE 7TH
Rocky Mountain Nuggets batting - Pitching for Grafton Middies : RHP Mark Simmons
Batting: RHB Juan Ávila 0-0: Ball
1-0: Ball
2-0: Ground out 5-3 (Groundball, 56)
Batting: LHB Egidio Agnolutto 0-0: Ground out 4-3 (Groundball, 34)
Batting: SHB Jorge Colomo 0-0: Called Strike
0-1: Ground out U3 (Groundball, 3L)
Top of the 7th over - 0 run(s), 0 hit(s), 0 error(s), 0 left on base; Rocky Mountain 2 - Grafton 0
BOTTOM OF THE 7TH
Grafton Middies batting - Pitching for Rocky Mountain Nuggets : RHP Félix Jiménez
Batting: RHB Mark Davis 0-0: Ball
1-0: Called Strike
1-1: Ball
2-1: Foul Ball, location: 2F
2-2: Strikes out swinging
Batting: RHB Nathan Boswell 0-0: Called Strike
0-1: Ball
1-1: Reached on Error, E1 (Popup, 15S)
Batting: RHB Danny Hall 0-0: Ball
1-0: Foul Ball, location: 2F
1-1: SINGLE (Groundball, 5S)
Nathan Boswell to second
Batting: RHB Bill Stewart 0-0: Ball
1-0: Ball
2-0: SINGLE (Line Drive, 8LS)
Nathan Boswell to third
Danny Hall to second
Batting: RHB Pedro Orozco 0-0: Ball
1-0: Ball
2-0: Called Strike
2-1: Swinging Strike
2-2: Strikes out swinging
Batting: RHB Wes Bradley 0-0: Ball
1-0: Foul Ball, location: 2F
1-1: Called Strike
1-2: Ball
2-2: Ball
3-2: Strikes out swinging
Bottom of the 7th over - 0 run(s), 2 hit(s), 1 error(s), 3 left on base; Rocky Mountain 2 - Grafton 0
TOP OF THE 8TH
Rocky Mountain Nuggets batting - Pitching for Grafton Middies : RHP Mark Simmons
Batting: LHB Chris Whiteside 0-0: Ball
1-0: Ball
2-0: Foul Ball, location: 2F
2-1: Foul Ball, location: 2F
2-2: Ball
3-2: Strikes out looking
Batting: LHB Randy Bowen 0-0: Called Strike
0-1: Ball
1-1: Ball
2-1: SINGLE (Groundball, 56)
Batting: RHB Michael Riley 0-0: Ball
1-0: Called Strike
1-1: Ball
2-1: Called Strike
2-2: SINGLE (Groundball, 4MD)
Randy Bowen to second
Batting: RHB David Verhoeve 0-0: Fly out, F7 (Line Drive, 78M)
Batting: LHB Juan Ríos 0-0: Called Strike
0-1: Ball
1-1: Called Strike
1-2: Ball
2-2: Fly out, F8 (Flyball, 8LD)
Top of the 8th over - 0 run(s), 2 hit(s), 0 error(s), 2 left on base; Rocky Mountain 2 - Grafton 0
BOTTOM OF THE 8TH
Grafton Middies batting - Pitching for Rocky Mountain Nuggets : RHP Félix Jiménez
Batting: RHB Raúl Robles 0-0: Swinging Strike
0-1: Swinging Strike
0-2: Ball
1-2: Foul Ball, location: 2F
1-2: Ball
2-2: Foul Ball, location: 2F
2-2: Foul Ball, location: 2F
2-2: Strikes out swinging
Batting: RHB José Álvarez 0-0: SINGLE (Flyball, 9S)
Pitching: RHP Artie Horton
Batting: RHB Brady Ferris 0-0: Foul Ball, location: 2F
0-1: Foul Ball, location: 2F
0-2: Foul Ball, location: 2F
0-2: SINGLE (Groundball, 4MD)
José Álvarez to second
Runner from 2nd tries for 3rd, SAFE, throw made to third
Batting: RHB Mark Davis 0-0: Ball
1-0: Called Strike
Brady Ferris steals 2nd base
1-1: Swinging Strike
1-2: Foul Ball, location: 2F
1-2: Strikes out swinging
Batting: RHB Nathan Boswell 0-0: DOUBLE (Line Drive, 5L)
José Álvarez scores
Brady Ferris scores
Batting: RHB Danny Hall 0-0: SINGLE (Groundball, 56D)
Nathan Boswell to third
Runner from 3rd tries for Home, SAFE, no throw or cutoff
Batting: RHB Bill Stewart 0-0: Ball
1-0: Ball
2-0: Foul Ball, location: 2F
2-1: Called Strike
2-2: SINGLE (Groundball, 4MD)
Danny Hall to second
Batting: RHB Pedro Orozco 0-0: Foul Ball, location: 2F
0-1: Foul Ball, location: 2F
0-2: Ball
1-2: Ball
2-2: Foul Ball, location: 2F
2-2: Foul Ball, location: 2F
2-2: Ball
3-2: Foul Ball, location: 2F
3-2: Foul Ball, location: 2F
3-2: Strikes out looking
Bottom of the 8th over - 3 run(s), 5 hit(s), 0 error(s), 2 left on base; Rocky Mountain 2 - Grafton 3
TOP OF THE 9TH
Rocky Mountain Nuggets batting - Pitching for Grafton Middies : RHP Mark Simmons
Pitching: RHP Frank Morse
Batting: SHB Jim Morris 0-0: Called Strike
0-1: Ball
1-1: Fly out, F7 (Flyball, 78M)
Batting: RHB Juan Ávila 0-0: Ball
1-0: Ground out 5-3 (Groundball, 5S)
Batting: LHB Egidio Agnolutto 0-0: Ball
1-0: Called Strike
1-1: Foul Ball, location: 2F
1-2: Ball
2-2: Foul Ball, location: 2F
2-2: Ball
3-2: Hit by Pitch
Pinch Hitting: RHB Toshitsugu Sakamoto 0-0: Ball
1-0: Ball
2-0: Ball
3-0: Called Strike
3-1: Fly out, F7 (Flyball, 7D)
Top of the 9th over - 0 run(s), 0 hit(s), 0 error(s), 1 left on base; Rocky Mountain 2 - Grafton 3
This league is powered by Out of the Park Baseball, the baseball management simulation game for PC, Mac and Linux
Friday, January 22nd, 2016 - OOTP Baseball 16.9 Build 39